 Dungeon Crawl Stone Soup version 0.28.0 (webtiles) character file.

Game seed: 5653078622872028991

437 Ajdolov the Chopper (level 7, 0/52 HPs)
             Began as a Formicid Fighter on Feb 15, 2022.
             Was an Initiate of Wu Jian.
             Slain by a scorpion (5 damage)
             ... on level 4 of the Dungeon.
             The game lasted 00:05:59 (3434 turns).

Ajdolov the Chopper (Formicid Fighter)              Turns: 3434, Time: 00:06:00

Health: 0/52       AC: 11    Str: 23    XL:     7   Next: 21%
Magic:  7/7        EV:  6    Int:  7    God:    Wu Jian [......]
Gold:   352        SH:  4    Dex: 10    Spells: 6/6 levels left

rFire   . . .      SeeInvis +   a - +0 war axe
rCold   . . .      Faith    .   c - +0 buckler
rNeg    . . .      Spirit   .   p - +0 plate armour
rPois   .          Reflect  .   (helmet unavailable)
rElec   .          Harm     .   (no cloak)
rCorr   .          Rampage  .   (no gloves)
Will    .....                   (no boots)
Stlth   ..........              (no amulet)
HPRegen 0.17/turn               (no ring)
MPRegen 0.10/turn               (no ring)

@: no status effects
A: permanent stasis, dig shafts and tunnels, antennae 3, four strong arms
a: Dig, Shaft Self, Renounce Religion


You were on level 4 of the Dungeon.
You worshipped Wu Jian.
Wu Jian was noncommittal.
You visited 2 branches of the dungeon, and saw 5 of its levels.

You collected 352 gold pieces.

Inventory:

Hand Weapons
 a - a +0 war axe (weapon)
Armour
 c - a +0 buckler (worn)
 p - a +0 plate armour (worn)
Wands
 m - a wand of digging (4)
 o - a wand of polymorph (11)
Scrolls
 h - a scroll of magic mapping
 i - a scroll of teleportation {unknown}
 j - a scroll of summoning
 k - a scroll of vulnerability {unknown}
 l - a scroll of noise {unknown}
 n - a scroll of enchant weapon {unknown}
Potions
 d - 2 potions of cancellation {unknown}
 f - a potion of flight {unknown}
 g - 2 potions of haste {unknown}


   Skills:
 - Level 3.2 Fighting
 + Level 7.3 Axes
 - Level 3.2 Armour
 - Level 3.6 Shields


You had 6 spell levels left.
You didn't know any spells.
Your spell library contained the following spells:

 Spells                   Type           Power      Damage    Failure   Level
 Foxfire                  Conj/Fire      0%         2x1d4     100%        1
 Corpse Rot               Necr/Air       0%         N/A       100%        2
 Ensorcelled Hibernation  Hex/Ice        0%         N/A       100%        2
 Poisonous Vapours        Pois/Air       0%         N/A       100%        2
 Conjure Flame            Conj/Fire      0%         6-21      100%        3
 Inner Flame              Hex/Fire       0%         N/A       100%        3
 Spider Form              Tmut/Pois      0%         N/A       100%        3
 Anguish                  Hex/Necr       0%         N/A       100%        4
 Flame Wave               Conj/Fire      0%         2d4       100%        4


Dungeon Overview and Level Annotations

Branches:
Dungeon (4/15)             Temple (1/1) D:4

Altars:
Kikubaaqudgha
Nemelex Xobeh
Okawaru
Qazlal
Sif Muna
Wu Jian
Xom
Zin

Shops:
D:3 *


Innate Abilities, Weirdness & Mutations

You cannot be hasted, slowed, berserked, paralysed or teleported.
You can dig through walls and to a lower floor.
You have a pair of large antennae on your head. (SInv)
Your four strong arms can wield two-handed weapons with a shield.


Message History

You closely miss the scorpion.
The scorpion is almost dead.
You feel very sick. The scorpion stings you!
* * * LOW HITPOINT WARNING * * *
You closely miss the scorpion.
The scorpion is almost dead.
You feel sick.
The scorpion stings you but does no damage.
You barely miss the scorpion.
The scorpion is almost dead.
You feel sick. You block the scorpion's attack.
The scorpion closely misses you.
You hit the scorpion but do no damage.
The scorpion is almost dead.
You feel sick. You block the scorpion's attack.
You hit the scorpion but do no damage.
The scorpion is almost dead.
You feel sick.
The scorpion stings you but does no damage.
You feel better.
The scorpion stings you but does no damage. x2
You closely miss the scorpion.
The scorpion is almost dead.
The scorpion stings you but does no damage.
You hit the scorpion but do no damage.
The scorpion is almost dead.
The scorpion stings you but does no damage.
You closely miss the scorpion.
The scorpion is almost dead.
The scorpion barely misses you. The scorpion stings you.
* * * LOW HITPOINT WARNING * * *
You hit the scorpion but do no damage.
The scorpion is almost dead.
The scorpion stings you!
* * * LOW HITPOINT WARNING * * *
You hit the scorpion.
The scorpion is almost dead.
The scorpion stings you.
You die...

....
.>.............#
#####..
#........######
.......###).......#
#...........######
#.##...<..........
#.##.)......######
#.####.###........
#.# #.# #.#######
#@# #.# #.# #s# #.#
#.# #.# #.# #.# #.#
#.# #.# #)# #.# #.#
#.# #.# #.# #.# ...
#.#


You could see a scorpion.

Vanquished Creatures
  Sigmund (D:4)
  A sky beast (D:3)
  Jessica (D:3)
  Terence (D:3)
  An iguana (D:3)
  4 adders
  A worm (D:2)
  2 dart slugs (D:2)
  4 orcs
  6 ball pythons
  5 bats (D:1)
  2 endoplasms (D:1)
  2 giant cockroaches (D:1)
  9 goblins
  12 hobgoblins
  5 jackals (D:2)
  3 quokkas
  4 frilled lizards
  6 kobolds
  5 rats
  2 toadstools (D:1)
77 creatures vanquished.

Vanquished Creatures (others)
  2 fungi (D:1)
  4 toadstools (D:1)
6 creatures vanquished.

Grand Total: 83 creatures vanquished

Notes
Turn   | Place    | Note
-------+----------+-------------------------------------------
     0 | D:1      | Ajdolov the Formicid Fighter began the quest for the Orb.
     0 | D:1      | Reached XP level 1. HP: 18/18 MP: 1/1
    82 | D:1      | Reached XP level 2. HP: 24/24 MP: 2/2
   196 | D:1      | Reached skill level 3 in Axes
   231 | D:1      | Found a faded altar of an unknown god.
   309 | D:1      | Reached XP level 3. HP: 25/29 MP: 3/3
   986 | D:2      | Reached skill level 4 in Axes
   986 | D:2      | Reached XP level 4. HP: 24/35 MP: 4/4
  1651 | D:2      | You fall into a shaft and drop 1 floor!
  1688 | D:3      | Noticed Terence
  1783 | D:3      | Killed Terence
  1784 | D:3      | Reached skill level 5 in Axes
  1784 | D:3      | Reached XP level 5. HP: 12/41 MP: 5/5
  2038 | D:3      | Noticed a sky beast
  2061 | D:3      | Killed a sky beast
  2062 | D:3      | Reached skill level 6 in Axes
  2062 | D:3      | Reached XP level 6. HP: 32/47 MP: 6/6
  2359 | D:3      | Found Darom Waaz's General Store.
  2504 | D:3      | Noticed Jessica
  2510 | D:3      | Killed Jessica
  3003 | D:4      | Found a staircase to the Ecumenical Temple.
  3012 | Temple   | Entered the Ecumenical Temple
  3066 | Temple   | Became a worshipper of the Wu Jian Council
  3100 | D:4      | Noticed Sigmund
  3276 | D:4      | Killed Sigmund
  3277 | D:4      | Reached skill level 7 in Axes
  3277 | D:4      | Reached XP level 7. HP: 40/52 MP: 7/7
  3434 | D:4      | Slain by a scorpion

Illustrated notes

Levels and vault maps discovered:
D:1:      wheals_arrival_shading, layout_loops_ring,
          shapermc_ecumenical_altar_mp_urbaneastern, minmay_gold_behind_fungi,
          dk_noncrumbling_2
D:2:      kb_forest_paths, layout_loops_ring, minmay_octomino_e4
D:3:      layout_basic, serial_shops, nicolae_shop_advertising_works
          [nicolae_subvault_shop_adworks], uniq_jessica, uniq_terence
D:4:      layout_loops_ring, minmay_temple_entry_tees, uniq_sigmund
Temple:   mainiacjoe_temple_coin_purse

Skill      XL: |  1  2  3  4  5  6 |
---------------+-------------------+-----
Axes           | 3 4 5 6 7 |  7.3
Fighting       | |  3.2
Armour         | |  3.2
Shields        | |  3.6

Action                   |  1- 3 |  4- 6 |  7- 9 || total
-------------------------+-------+-------+-------++-------
Melee: War axe           |   101 |   113 |    18 ||   232
 Abil: Dig               |       |     4 |       ||     4
  Use: Potion            |       |     2 |     1 ||     3
       Scroll            |       |     2 |       ||     2
Armor: Scale mail        |    32 |    33 |       ||    65
       Plate armour      |       |       |     8 ||     8
Dodge: Dodged            |    61 |    41 |     7 ||   109
Block: Buckler           |    22 |    19 |     4 ||    45
